 Dungeon Crawl Stone Soup version 0.32-a0-918-g0f22ef8d61 (webtiles) character file.

Game seed: 486819924072915405

43821185 Biggs the Heavyweight Champion (level 27, 323/323 HPs)
             Began as a Troll Fighter on Apr 10, 2024.
             Was the Champion of Wu Jian.
             Escaped with the Orb
             ... and 15 runes
             ... and 11 gems on Apr 11, 2024!
             The game lasted 04:50:42 (34124 turns).

Biggs the Heavyweight Champion (Troll Fighter)     Turns: 34124, Time: 04:50:42

Health: 323/323    AC: 21    Str: 40    XL:     27
Magic:  22/22      EV:  8    Int:  8    God:    Wu Jian [******]
Gold:   4666       SH: 26    Dex:  9    Spells: 26/26 levels left

rFire   + +          +
                       - Unarmed
rCold   + + +        z - +3 tower shield {rN+}
rNeg    + + +        B - +0 gold dragon scales
rPois   ∞            v - +0 hat {SInv}
rElec   +            N - +4 dragonskin cloak {Aegis}
rCorr   +            (gloves unavailable)
SInv    +            (boots unavailable)
Will    ++++.        a - amulet "Doewn" {Spirit rElec Regen+} Stlth
                     R - ring "Qech" {rPois rC+ Will+ Slay+2}
HPRegen 2.33/turn    D - ring of Creativity {Fly rF+++ rN+ rCorr Str+2}
MPRegen 0.18/turn

%: guardian spirit
@: death-form, flying, studying Alchemy
A: vile attack, torment immunity, no potions, large, unfitting armour, claws 3,
regeneration 1, shaggy fur 1, tough skin 1, iridescent scales 1, (berserk 1),
deterioration 1, electricity resistance
0: Orb of Zot
}: 15/15 runes: barnacled, slimy, silver, golden, iron, obsidian, icy, bone,
abyssal, demonic, glowing, magical, fiery, dark, gossamer
a: Siphon Essence, Begin Untransformation, Renounce Religion, Wall Jump,
Serpent's Lash, Heavenly Storm


You escaped.
You worshipped Wu Jian.
Wu Jian was exalted by your worship.
You were an undying horror.
You visited 18 branches of the dungeon, and saw 88 of its levels.
You visited Pandemonium 1 time, and saw 15 of its levels.
You visited the Abyss 2 times.
You visited 2 bazaars.
You also visited: Sewer, Ossuary, Gauntlet, Ice Cave and Desolation.

You collected 8740 gold pieces.
You spent 4074 gold pieces at shops.

Inventory:

Missiles
 O - 2 throwing nets (quivered)
Armour
 v - a +0 hat of see invisible (worn)
 z - a +3 tower shield of positive energy (worn)
 B - +0 gold dragon scales (worn)
 N - the +4 dragonskin cloak (worn) {Aegis}
   (You took it off Tiamat on level 2 of the Realm of Zot)

   Avatar's Aegis: It grants the wearer a chance to resist fire, cold, poison,
   electricity, acid, and negative energy.
 Q - the +9 fire dragon scales of Puphe {+Blink rF++ rC- Int+4 SInv}
   (You found it in Pandemonium)

   Int+4:     It affects your intelligence (+4).
   rF++:      It greatly protects you from fire.
   rC-:       It makes you vulnerable to cold.
   SInv:      It lets you see invisible.
   +Blink:    It lets you blink.
Jewellery
 a - the amulet "Doewn" (around neck) {Spirit rElec Regen+}
   (You found it on level 7 of Gehenna)

   [amulet of guardian spirit]

   Spirit:    It causes incoming damage to be divided between your reserves of
   health and magic.
   rElec:     It insulates you from electricity.
   Regen+:    It increases your rate of health regeneration.
 i - the ring "Duon" {Will+ Int+2 Slay+3 SInv}
   (You found it on level 7 of Cocytus)

   [ring of willpower]

   Int+2:     It affects your intelligence (+2).
   Slay+3:    It affects your accuracy & damage with ranged weapons and melee
   (+3).
   Will+:     It increases your willpower.
   SInv:      It lets you see invisible.
 m - the ring "Wuefubbo" {rPois rF+ rC+ rCorr Str-2}
   (You bought it in a shop on level 2 of the Orcish Mines)

   [ring of resist corrosion]

   Str-2:     It affects your strength (-2).
   rF+:       It protects you from fire.
   rC+:       It protects you from cold.
   rPois:     It protects you from poison.
   rCorr:     It protects you from acid and corrosion.
 D - the ring of Creativity (right claw) {Fly rF+++ rN+ rCorr Str+2}
   (You found it in the Desolation of Salt)

   [ring of positive energy]

   Str+2:     It affects your strength (+2).
   rF+++:     It renders you almost immune to fire.
   rN+:       It protects you from negative energy.
   Fly:       It grants you flight.
   rCorr:     It protects you from acid and corrosion.
 G - the amulet of the Four Winds {rN+ Will+++ Clar}
   (You took it off a skeletal warrior on level 1 of the Tomb of the Ancients)

   [amulet of nothing]

   rN+:       It protects you from negative energy.
   Will+++:   It greatly increases your willpower.
   Clar:      It protects you from confusion, rage, mesmerisation and fear.
 M - the ring "Kut Nefitue" {Dex+6 Slay+2 SInv}
   (You found it in the Desolation of Salt)

   [ring of dexterity]

   Dex+6:     It affects your dexterity (+6).
   Slay+2:    It affects your accuracy & damage with ranged weapons and melee
   (+2).
   SInv:      It lets you see invisible.
 P - the amulet "Opula" {Reflect rPois SH+5}
   (You found it on level 3 of the Elven Halls)

   [amulet of reflection]

   Reflect:   It reflects blocked missile attacks.
   rPois:     It protects you from poison.
   SH+5:      It affects your SH (+5).
 R - the ring "Qech" (left claw) {rPois rC+ Will+ Slay+2}
   (You found it on level 4 of the Shoals)

   [ring of willpower]

   Slay+2:    It affects your accuracy & damage with ranged weapons and melee
   (+2).
   rC+:       It protects you from cold.
   rPois:     It protects you from poison.
   Will+:     It increases your willpower.
 S - the ring of Ficreaj {rElec rPois rC+}
   (You bought it in a shop in a bazaar)

   [ring of poison resistance]

   rC+:       It protects you from cold.
   rElec:     It insulates you from electricity.
   rPois:     It protects you from poison.
Talismans
 b - a talisman of death (active)
 V - a granite talisman
Wands
 f - a wand of flame (161)
 g - a wand of digging (18)
 h - a wand of quicksilver (19)
 j - a wand of polymorph (39)
 o - a wand of charming (52)
 r - a wand of warping (62)
 Y - a wand of mindburst (37)
Scrolls
 e - 7 scrolls of fear
 l - 5 scrolls of teleportation
 n - 7 scrolls of immolation
 s - 5 scrolls of amnesia
 w - 10 scrolls of fog
 C - 9 scrolls of poison
 H - a scroll of blinking
 U - 4 scrolls of butterflies
Potions
 c - 2 potions of might
 d - 15 potions of curing
 k - 4 potions of mutation
 p - 15 potions of brilliance
 t - a potion of invisibility
 u - 6 potions of berserk rage
 x - a potion of attraction
 E - a potion of haste
 I - 8 potions of cancellation
 J - 7 potions of ambrosia
 K - 9 potions of heal wounds
 L - 5 potions of enlightenment
 T - a potion of resistance
Miscellaneous
 A - a lightning rod (4/4)
 F - a phantom mirror
 W - a phial of floods
 X - the horn of Geryon
 Z - a box of beasts


   Skills:
 O Level 27 Fighting
 - Level 19.9 Dodging
 O Level 27 Shields
 O Level 27 Unarmed Combat
 - Level 5.0 Evocations
 + Level 23.8 Shapeshifting


You had 26 spell levels left.
You didn't know any spells.
Your spell library contained the following spells:

 Spells                   Type           Power      Damage    Failure   Level
 Kiss of Death            Conj/Necr      0%         2d5       100%        1
 Magic Dart               Conj           0%         1d3       100%        1
 Necrotise                Necr           0%         1d4       100%        1
 Slow                     Hex            0%         N/A       100%        1
 Blink                    Tloc           0%         N/A       100%        2
 Call Imp                 Summ           0%         N/A       100%        2
 Ensorcelled Hibernation  Hex/Ice        0%         N/A       100%        2
 Lesser Beckoning         Tloc           0%         N/A       100%        2
 Mercury Vapours          Alch/Air       0%         N/A       100%        2
 Momentum Strike          Conj/Tloc      0%         3d8       100%        2
 Scorch                   Fire           0%         2d5       100%        2
 Static Discharge         Conj/Air       0%         3-3/arc   100%        2
 Call Canine Familiar     Summ           0%         N/A       100%        3
 Confusing Touch          Hex            0%         N/A       100%        3
 Fugue of the Fallen      Necr           0%         N/A       100%        3
 Inner Flame              Hex/Fire       0%         N/A       100%        3
 Maxwell's Portable Pile  Tloc           0%         2d(5-13)  100%        3
 Mephitic Cloud           Conj/Alch/Air  0%         N/A       100%        3
 Sigil of Binding         Hex            0%         N/A       100%        3
 Stone Arrow              Conj/Erth      0%         3d7       100%        3
 Swiftness                Air            0%         N/A       100%        3
 Teleport Other           Tloc           0%         N/A       100%        3
 Tukima's Dance           Hex            0%         N/A       100%        3
 Vampiric Draining        Necr           0%         2d6       100%        3
 Volatile Blastmotes      Fire/Tloc      0%         2d10      100%        3
 Animate Armour           Summ/Erth      0%         N/A       100%        4
 Animate Dead             Necr           0%         N/A       100%        4
 Cause Fear               Hex            0%         N/A       100%        4
 Dimensional Bullseye     Hex/Tloc       0%         N/A       100%        4
 Flame Wave               Conj/Fire      0%         2d4       100%        4
 Fulminant Prism          Conj/Alch      0%         3d5       100%        4
 Ignite Poison            Fire/Alch      0%         N/A       100%        4
 Iskenderun's Mystic Bla Conj/Tloc 0%             2d3        (+2d1     100%        4
 Leda's Liquefaction      Alch/Erth      0%         N/A       100%        4
 Martyr's Knell           Necr/Summ      0%         N/A       100%        4
 Passage of Golubria      Tloc           0%         N/A       100%        4
 Petrify                  Alch/Erth      0%         N/A       100%        4
 Sticky Flame             Fire/Alch      0%         2d4       100%        4
 Summon Lightning Spire   Summ/Air       0%         N/A       100%        4
 Vhi's Electric Charge    Tloc/Air       0%         N/A       100%        4
 Alistair's Intoxication  Alch           0%         N/A       100%        5
 Arcjolt                  Conj/Air       0%         1d10      100%        5
 Borgnjor's Vile Clutch   Necr/Erth      0%         N/A       100%        5
 Fireball                 Conj/Fire      0%         3d3       100%        5
 Irradiate                Conj/Alch      0%         3d11      100%        5
 Iskenderun's Battlesphe  Conj           0%         2d6       100%        5
 Lee's Rapid Deconstruct  Erth           0%         3d4*      100%        5
 Metabolic Englaciation   Hex/Ice        0%         N/A       100%        5
 Silence                  Hex/Air        0%         N/A       100%        5
 Summon Forest            Summ/Tloc      0%         N/A       100%        5
 Summon Mana Viper        Hex/Summ       0%         N/A       100%        5
 Yara's Violent Unravell  Hex/Alch       0%         3d3       100%        5
 Bombard                  Conj/Erth      0%         9d1       100%        6
 Conjure Ball Lightning   Conj/Air       0%         3x3d6     100%        6
 Death Channel            Necr           0%         N/A       100%        6
 Dispersal                Tloc           0%         N/A       100%        6
 Eringya's Noxious Bog    Alch           0%         4d6       100%        6
 Gell's Gavotte           Tloc           0%         2d(11-16) 100%        6
 Plasma Beam              Fire/Air       0%         2x1d10    100%        6
 Sculpt Simulacrum        Ice/Alch       0%         N/A       100%        6
 Summon Cactus Giant      Summ           0%         N/A       100%        6
 Haunt                    Necr/Summ      0%         N/A       100%        7
 Malign Gateway           Summ/Tloc      0%         N/A       100%        7
 Monstrous Menagerie      Summ           0%         N/A       100%        7
 Ozocubu's Refrigeration  Ice            0%         4d7       100%        7
 Spellforged Servitor     Conj/Summ      0%         N/A       100%        7
 Borgnjor's Revivificati  Necr           0%         N/A       100%        8
 Discord                  Hex            0%         N/A       100%        8
 Disjunction              Tloc           0%         N/A       100%        8
 Ignition                 Fire           0%         3d3       100%        8
 Infestation              Necr           0%         N/A       100%        8
 Lehudib's Crystal Spear  Conj/Erth      0%         10d2      100%        8
 Maxwell's Capacitive Co  Air            0%         ∞         100%        8
 Dragon's Call            Summ           0%         N/A       100%        9
 Polar Vortex             Ice            0%         N/A       100%        9


Dungeon Overview and Level Annotations

Branches:
Dungeon (15/15)            Temple (1/1) D:5            Lair (5/5) D:10
 Shoals (4/4) Lair:3       Spider (4/4) Lair:3        Slime (5/5) Lair:5
    Orc (2/2) D:10            Elf (3/3) Orc:2        Vaults (5/5) D:14
  Crypt (3/3) Vaults:2       Tomb (3/3) Crypt:3      Depths (4/4) D:15
   Hell (visited)             Dis (7/7) Hell            Geh (7/7) Hell
    Coc (7/7) Hell            Tar (7/7) Hell            Zot (5/5) Depths:4
  Sewer (visited)         Ossuary (visited)           IceCv (visited)
Desolation (visited)      Gauntlet (visited)

Altars:
Ashenzari
Cheibriados
Elyvilon
Fedhas
Hepliaklqana
Kikubaaqudgha
Makhleb
Nemelex Xobeh
Okawaru
Qazlal
Ru
Sif Muna
Trog
Uskayaw
Vehumet
Wu Jian
Xom
Yredelemnul
Zin
The Shining One
Beogh
Jiyva

Shops:
Orc:1 :   Orc:2 =!(*[   Elf:3 [*(   Shoals:4 *   Vaults:3 (   Vaults:4 !
Vaults:5 *   Depths:2 [

Portals:
Hell: Depths:2 Depths:3
Pandemonium: Depths:2
Ziggurat: Depths:3

Annotations:
D:9 3 runed translucent doors, pokeman's ghost, novice DEHW
Lair:2 exclusion: oklob plant
Elf:3 3 runed translucent doors, AutarchDCSS's ghost, adept DrCK
Tar:5 36 runed translucent doors


Innate Abilities, Weirdness & Mutations

You are an undying horror.
Your melee and unarmed attacks drain, slow and weaken victims.
You are immune to unholy pain and torment.
You cannot drink.
You are immune to poison.
You are too large for most types of armour.
You have claws for hands.
Your natural rate of healing is unusually fast.
You are covered in fur. (AC +1)
You have tough skin. (AC +1)
You are partially covered in iridescent scales. (AC +2)
((You sometimes lose your temper in combat.))
Your body sometimes deteriorates upon taking damage.
You are resistant to electric shocks. (rElec)


Message History

You spin and attack the angel repeatedly.
You scratch the angel.
The angel decays.
The angel is heavily wounded.
You miss the angel.
The angel is heavily wounded.
You block the angel's attack. x2
Unknown command.
You spin and attack the angel repeatedly.
You miss the angel.
The angel is heavily wounded.
You eviscerate the angel!!!!
You kill the angel!
The Council accepts your kill.
Unknown command.
There is a stone staircase leading up here.
You fly upwards.
There is a stone staircase leading down here.
A green death comes into view.
You closely miss the green death. You scratch the green death.
The green death decays.
The green death is lightly wounded.
You barely miss the green death.
The green death is lightly wounded.
You block the green death's attack.
You eviscerate the green death!!!
The green death decays.
The green death is severely wounded.
You eviscerate the green death!!!!
You kill the green death!
The Council accepts your kill.
There is a stone staircase leading up here.
You fly upwards.
There is a stone staircase leading down here.
You see here a +0 spear.
You reach down and open the door.
There is an open door here.
There is a stone staircase leading up here.
You fly upwards.
There is a stone staircase leading down here.
There is a staircase leading out of the dungeon here.
You have escaped!

#..# #### ##.#.#.# ##..#
##########..#..# #...##
#..)........#.##
.#...#####.#########.#.#
.#.........# #.#.#
.##..####### #.#.#
.##### ################
.########.........#
................z.#
##########........#
##........# ###
##...#.....# #.#
##...###....# #.#
##...## ##.### #.#
######...## #.#
###.####### ....#...##
#.####.........#
.........#
#......#######.#


There were no monsters in sight!

Vanquished Creatures
  Cerebov (Pan)
  Antaeus (Coc:7)
  Asmodeus (Geh:7)
  5 pandemonium lords
  the Royal Jelly (Slime:5)
  Gloorx Vloq (Pan)
  Ignacio (Pan)
  the Serpent of Hell (Dis:7)
  Mnoleg (Pan)
  A seraph (Pan)
  Ereshkigal (Tar:7)
  Lom Lobon (Pan)
  Dispater (Dis:7)
  Tiamat (Zot:2)
  3 orbs of fire
  5 dread liches
  3 ancient liches
  Mennas (Crypt:1)
  28 royal mummies
  8 Killer Klowns
  16 shard shrikes
  Saint Roka (Depths:1)
  3 curse toes
  Geryon (Hell)
  26 caustic shrikes
  Nikola (Lair:3)
  6 golden dragons
  13 bone dragons
  A pearl dragon (Pan)
  8 profane servitors
  Arachne (Spider:2)
  5 iron giants
  16 Tzitzimimeh
  13 Brimstone Fiends
  An electric golem (Zot:5)
  2 spectral shard shrikes
  9 doom hounds
  Rupert (Lair:5)
  Jorgrun (Spider:2)
  15 Hell Sentinels
  17 hellephants
  14 tainted leviathans
  13 Ice Fiends
  14 tentacled monstrosities
  3 deep elf master archers (Elf:3)
  7 liches
  27 Orb Guardians
  Asterion (Spider:2)
  A walking divine tome (Depths:3)
  6 quicksilver dragons
  5 deep elf blademasters (Elf:3)
  19 acid blobs
  25 searing wretches
  4 tentacled starspawn
  16 titans
  24 ancient champions
  11 sphinxes
  20 Executioners
  9 storm dragons
  3 death cobs
  9 shadow dragons
  2 thorn hunters (Abyss:5)
  6 tengu reavers
  10 rockslimes
  2 draconian monks
  5 draconian knights
  A fenstrider witch (Pan)
  14 azure jellies
  Aizul (Vaults:1)
  31 narguns
  13 daevas (Pan)
  8 quicksilver elementals
  3 revenants
  8 iron dragons
  5 protean progenitors (Pan)
  16 frost giants
  A nagaraja (Pan)
  3 emperor scorpions
  17 fire giants
  2 demonspawn warmongers (Pan)
  A draconian shifter (Zot:5)
  7 deep elf sorcerers
  2 spectral caustic shrikes
  5 vault wardens
  36 balrugs
  A deep elf elementalist (Elf:3)
  4 imperial myrmidons (Desolation)
  3 ghost moths
  8 shard shrike simulacra
  4 curse skulls
  3 juggernaut skeletons (Pan)
  Louise (Spider:1)
  2 orc warlords
  4 draconian scorchers
  4 draconian stormcallers
  14 angels
  14 cacodemons
  9 broodmothers
  10 ironbound preservers
  4 demonspawn corrupters (Pan)
  2 draconian annihilators (Pan)
  14 ophanim (Pan)
  24 reapers
  8 ghouls
  15 very ugly things
  12 stone giants
  10 quicksilver oozes
  8 green draconians
  2 demonspawn blood saints (Pan)
  11 apis (Pan)
  6 caustic shrike skeletons (Pan)
  14 black draconians
  5 vampire knights
  29 elemental wellsprings
  7 demonspawn black suns (Pan)
  6 deep elf death magi
  A minotaur (Gauntlet)
  5 deep elf demonologists
  4 ironbound thunderhulks (Vaults:3)
  5 lorocyprocas
  4 purple draconians
  12 wendigos
  8 putrid mouths
  3 halazid warlocks (Desolation)
  A spectral titan (Tar:1)
  A dire elephant (Vaults:1)
  2 bennus (Tomb:2)
  17 war gargoyles
  9 deep elf annihilators
  4 white draconians
  A spark wasp (Spider:4)
  8 red draconians
  2 spectral quicksilver dragons
  13 blizzard demons
  8 eidola
  9 yellow draconians
  8 jiangshi
  8 ettins
  24 mummy priests
  An elf zombie (Crypt:1)
  3 fire dragons
  13 green deaths
  3 merfolk impalers
  7 entropy weavers
  6 salamander tyrants
  5 crystal guardians
  2 deep elf high priests
  26 iron golems
  9 great orbs of eyes
  A merfolk javelineer (Shoals:4)
  2 spectral spriggans
  12 yaktaur captains
  A quicksilver dragon skeleton (Tomb:3)
  6 ragged hierophants (Desolation)
  6 spriggan air magi
  11 caustic shrike simulacra
  29 vault guards
  6 hydras
  An ogre mage (Vaults:5)
  6 rakshasas
  2 alligators (Pan)
  3 ice dragons
  Erolcha (D:13)
  An Orb Guardian zombie (Crypt:1)
  3 hell beasts
  6 peacekeepers
  7 jorogumos
  An ironbound frostheart (Vaults:1)
  13 boulder beetles
  7 servants of whispers (Desolation)
  9 centaur warriors
  A radroach (Lair:3)
  4 stokers
  3 spectral shadow dragons (Tar:1)
  5 juggernaut simulacra
  3 two-headed ogres
  5 merfolk aquamancers
  5 merfolk avatars
  2 alligator snapping turtles
  A death knight (Crypt:1)
  3 dancing weapons (Elf:3)
  4 satyrs
  4 deep troll earth magi
  12 demonic crawlers
  4 death yaks
  109 death scarabs
  6 deep troll shamans
  4 tengu warriors
  29 hell hogs
  A spectral dire elephant (Tar:1)
  6 vampire magi
  A thrashing horror (Abyss:2)
  6 orc high priests
  Urug (D:13)
  An occultist (Depths:2)
  2 spriggan berserkers
  21 sun demons
  Sonja (D:13)
  2 spriggans (Depths:3)
  A spectral naga (Tar:1)
  14 soul eaters
  A storm dragon zombie (Hell)
  2 hellephant skeletons (Pan)
  2 skysharks
  9 crystal echidnas
  2 deep elf knights (Elf:3)
  3 iron trolls
  A wretched star (Abyss:5)
  A fire crab (shapeshifter) (Vaults:5)
  7 hell knights
  28 shadow wraiths
  Amaemon (Lair:1)
  11 cherubim (Pan)
  3 pharaoh ants
  13 skeletal warriors
  2 deep elf archers (Elf:3)
  3 salamander mystics
  A golden dragon zombie (Hell)
  15 sixfirhies
  3 glowing orange brains
  A spark wasp zombie (Hell)
  A spectral hydra (Tar:3)
  2 glowing orange brains (shapeshifter)
  7 sea snakes
  An iron giant zombie (Crypt:3)
  6 flayed ghosts
  An arcanist (Vaults:3)
  4 quicksilver dragon simulacra
  15 shadow demons
  3 spriggan simulacra
  8 sun moths
  4 orb spiders
  35 deep trolls
  Pikel (D:6)
  10 spectral anacondas (Tar:2)
  A bunyip skeleton (Tomb:2)
  5 deep elf zephyrmancers (Elf:3)
  3 lindwurms
  4 tengu zombies
  An orange crystal statue (IceCv)
  10 orc knights
  4 obsidian bats
  29 harpies
  17 ironbound convokers
  18 phantasmal warriors
  3 shadow dragon zombies
  2 steelbarb worms
  10 deep elf pyromancers
  A harpy (shapeshifter) (Depths:2)
  7 necromancers
  A fenstrider witch simulacrum (Crypt:1)
  A wolf spider (shapeshifter) (Vaults:5)
  5 shining eyes
  5 ugly things
  2 spectral ettins
  5 salamanders
  6 orc sorcerers
  An iron dragon zombie (Hell)
  12 moths of wrath
  Maurice (D:7)
  A stone giant zombie (Crypt:1)
  4 cyclopes
  A jorogumo skeleton (Crypt:1)
  11 fauns
  8 manticores
  A spectral centaur (Tar:1)
  A spectral alligator snapping turtle (Tar:1)
  A will-o-the-wisp (Abyss:5)
  22 wolf spiders
  5 worldbinders
  A moth of wrath (shapeshifter) (Depths:2)
  8 vault sentinels
  12 elephants
  14 black mambas
  A meliai (Spider:4)
  A water nymph (Shoals:2)
  3 eyes of devastation
  7 kobold blastminers (Orc:2)
  5 titan simulacra
  3 guardian serpents
  4 ice statues (Coc:7)
  6 merfolk sirens
  19 smoke demons
  A shock serpent skeleton (Crypt:3)
  18 cane toads
  2 molten gargoyles (Hell)
  6 orange demons
  5 torpor snails
  21 hellions
  2 rime drakes (Lair:2)
  2 gargoyles
  2 kobold demonologists (D:7)
  17 large abominations
  6 komodo dragons
  6 yaktaurs
  An unseen horror zombie (Crypt:3)
  11 anaconda simulacra
  20 tormentors
  Psyche (D:12)
  3 bunyip simulacra
  4 tengu conjurers
  2 efreet
  An ancient zyme (Abyss:2)
  11 freezing wraiths
  A grey draconian skeleton (Crypt:3)
  46 guardian mummies
  3 red devils
  2 spectral harpies
  2 golden dragon simulacra
  2 hydra zombies
  2 ice devils
  3 yaktaur skeletons (Vaults:2)
  5 hornets
  12 merfolk
  A merfolk (shapeshifter) (Depths:3)
  2 silent spectres
  2 polar bears
  4 trolls
  12 hellwings (Pan)
  A shadow dragon simulacrum (Coc:1)
  3 wind drakes
  Prince Ribbit (D:6)
  46 saltlings (Desolation)
  25 tarantellas
  3 harpy skeletons
  A hydra skeleton (Crypt:1)
  2 tyrant leeches (Pan)
  22 jumping spiders
  3 alligator simulacra
  A human simulacrum (Vaults:1)
  5 raiju
  3 dream sheep (Shoals:4)
  2 ettin zombies (Hell)
  2 glass eyes (Slime:5)
  2 spectral black mambas (Tar:1)
  2 iron dragon simulacra
  16 blink frogs
  39 slime creatures
  22 culicivoras
  5 snapping turtles
  A centaur simulacrum (Coc:2)
  6 vampires
  5 dire elephant simulacra
  5 naga simulacra
  20 water elementals
  11 wraiths
  7 ynoxinuls
  11 ushabtiu
  A slime creature zombie (Crypt:3)
  16 wyverns
  3 small abominations
  5 shadows
  2 fire elementals (Elf:3)
  3 fire bats (Depths:3)
  6 golden eyes (Abyss:2)
  9 starcursed masses
  37 yaks
  8 basilisks
  16 humans (D:14)
  2 wargs
  52 redbacks
  16 neqoxecs
  9 vampire mosquitoes
  An alligator snapping turtle simulacrum (Hell)
  14 harpy simulacra
  2 steam dragons (D:10)
  3 glowing shapeshifter zombies
  2 swamp worms (Lair:4)
  5 chaos spawn
  2 acid dragons
  Edmund (D:6)
  5 hell hounds (Abyss:2)
  19 water moccasins
  Duvessa (D:7)
  4 hydra simulacra
  30 orc warriors
  A sky beast (D:7)
  28 laughing skulls
  An ice beast (Abyss:2)
  A deep troll simulacrum (Vaults:1)
  2 black bears
  8 boggarts
  9 ettin simulacra
  2 centaurs
  8 ogres
  An elephant skeleton (Crypt:1)
  12 wolves
  A phantom (D:6)
  A torpor snail zombie (Crypt:1)
  7 kobold brigands
  9 weeping skulls (Crypt:3)
  10 bullfrogs
  3 human zombies
  11 scorpions
  2 earth elementals
  A gnoll sergeant (Orc:2)
  Dowan (D:7)
  13 howler monkeys
  A wolf zombie (Crypt:1)
  2 bombardier beetles
  2 centaur zombies (D:9)
  15 jellies
  2 quasits
  14 orc priests
  3 hounds
  2 gnoll boudas
  A sleepcap (D:6)
  Jessica (D:3)
  4 iguanas
  17 orc wizards
  7 scorpion zombies
  44 mummies
  8 adders
  11 gnolls
  6 river rats
  4 shadow imps
  3 white imps
  2 ufetubi (D:6)
  An adder zombie (Ossuary)
  An iguana skeleton (Crypt:1)
  A dart slug (D:1)
  11 ribbon worms
  74 orcs
  3 bats
  10 endoplasms
  7 giant cockroaches
  5 goblins
  5 hobgoblins
  2 quokkas
  10 ball pythons
  A ball python skeleton (Crypt:1)
  3 frilled lizards
  6 gnoll zombies (Ossuary)
  2 jackal zombies (Ossuary)
  16 kobolds
  3 kobold zombies (Ossuary)
  12 rats
  2 aspiring fleshes (Pan)
  2 creeping infernos (Geh:1)
  6 fire vortices
  6 starspawn tentacles (Abyss:5)
3295 creatures vanquished.

Vanquished Creatures (others)
  An azure jelly (Coc:2)
  A fenstrider witch (Pan)
  A fire giant (Geh:4)
  A demonspawn blood saint (Pan)
  A green draconian (Zot:1)
  A yellow draconian (Zot:1)
  2 blizzard demons (Pan)
  A green death (Pan)
  A juggernaut simulacrum (Coc:1)
  A glowing orange brain (Pan)
  A steelbarb worm (Lair:3)
  A smoke demon (Pan)
  A guardian serpent (Desolation)
  2 titan simulacra
  An iron giant simulacrum (Coc:3)
  A saltling (Desolation)
  A centaur simulacrum (Coc:2)
  A harpy simulacrum (Coc:1)
  2 chaos spawn
  An ettin simulacrum (Coc:6)
  A gnoll (D:7)
  4 creeping infernos
  A fire vortex (Geh:1)
  4 foxfires (Abyss:5)
  A lurking horror (Abyss:5)
  5 starspawn tentacles (Abyss:5)
39 creatures vanquished.

Grand Total: 3334 creatures vanquished

Notes
Turn   | Place    | Note
-------+----------+-------------------------------------------
     0 | D:1      | Biggs the Troll Fighter began the quest for the Orb.
     0 | D:1      | Reached XP level 1. HP: 22/22 MP: 0/0
    76 | D:1      | Found a faded altar of an unknown god.
   149 | D:1      | Reached XP level 2. HP: 29/29 MP: 1/1
   691 | D:2      | Identified the +4 hand axe "Reuz" {flame, Fly rN+ Will++
                  | Str-4 SInv}
   746 | D:2      | Reached XP level 3. HP: 26/36 MP: 2/2
   871 | D:3      | Reached XP level 4. HP: 44/44 MP: 3/3
  1126 | D:3      | Noticed Jessica
  1130 | D:3      | Killed Jessica
  1143 | D:3      | Found a stormy altar of Qazlal.
  1278 | D:4      | Reached XP level 5. HP: 53/53 MP: 4/4
  1397 | D:4      | Noticed an ogre
  1407 | D:4      | Killed an ogre
  1408 | D:4      | Reached skill level 5 in Unarmed Combat
  1408 | D:4      | Reached XP level 6. HP: 61/61 MP: 5/5
  1590 | D:5      | Entered Level 5 of the Dungeon
  1601 | D:5      | Found a staircase to the Ecumenical Temple.
  1610 | Temple   | Entered the Ecumenical Temple
  1710 | D:5      | Found a glowing drain.
  1719 | Sewer    | Entered a sewer
  1822 | Sewer    | Reached XP level 7. HP: 66/67 MP: 6/6
  2279 | D:5      | Found a glowing silver altar of Zin.
  2425 | D:5      | Found a hide-covered altar of Uskayaw.
  2464 | D:5      | Reached XP level 8. HP: 20/75 MP: 7/7
  2730 | D:6      | Found a sand-covered staircase.
  2742 | Ossuary  | Entered an ossuary
  2865 | Ossuary  | Reached skill level 5 in Fighting
  2957 | D:6      | Noticed Prince Ribbit
  2987 | D:6      | Found an ornate altar of the Wu Jian Council.
  2989 | D:6      | Killed Prince Ribbit
  2996 | D:6      | Became a worshipper of the Wu Jian Council
  3039 | D:6      | Noticed Edmund
  3041 | D:6      | Reached XP level 9. HP: 89/89 MP: 8/8
  3064 | D:6      | Killed Edmund
  3124 | D:6      | Noticed Pikel
  3131 | D:6      | Reached skill level 10 in Unarmed Combat
  3137 | D:6      | Killed Pikel
  3316 | D:7      | Reached * piety under Wu Jian
  3338 | D:7      | Noticed Maurice
  3342 | D:7      | Something stole a flux talisman
  3343 | D:7      | Something stole 67 gold
  3344 | D:7      | Something stole 332 gold
  3347 | D:7      | Killed Maurice
  3374 | D:7      | Noticed a kobold demonologist
  3376 | D:7      | Noticed a kobold demonologist
  3390 | D:7      | Noticed a smoke demon
  3391 | D:7      | Killed a kobold demonologist
  3392 | D:7      | Reached XP level 10. HP: 13/98 MP: 5/9
  3400 | D:7      | Noticed a sun demon
  3506 | D:7      | Noticed Duvessa
  3506 | D:7      | Noticed Dowan
  3516 | D:7      | Killed Duvessa
  3518 | D:7      | Killed Dowan
  3761 | D:8      | Found a burning altar of Makhleb.
  3771 | D:8      | Reached ** piety under Wu Jian
  3928 | D:9      | Found a snail-covered altar of Cheibriados.
  4234 | D:10     | Entered Level 10 of the Dungeon
  4414 | D:10     | Found a staircase to the Lair.
  4438 | Lair:1   | Entered Level 1 of the Lair of Beasts
  4455 | Lair:1   | Noticed an orange demon
  4455 | Lair:1   | Noticed Amaemon
  4462 | Lair:1   | Killed an orange demon
  4463 | Lair:1   | Reached skill level 15 in Unarmed Combat
  4479 | Lair:1   | Killed Amaemon
  4480 | Lair:1   | Reached XP level 11. HP: 105/105 MP: 10/10
  4492 | Lair:1   | Reached *** piety under Wu Jian
  4754 | Lair:1   | Reached skill level 1 in Evocations
  5225 | Lair:2   | Reached **** piety under Wu Jian
  5226 | Lair:2   | Reached skill level 5 in Evocations
  5246 | Lair:2   | Reached skill level 1 in Shapeshifting
  5337 | Lair:2   | Noticed an oklob plant
  5342 | Lair:2   | Noticed a six-headed hydra
  5355 | Lair:3   | Noticed a five-headed hydra
  5359 | Lair:3   | Killed a six-headed hydra
  5360 | Lair:3   | Reached XP level 12. HP: 96/118 MP: 11/11
  5433 | Lair:3   | Found a staircase to the Shoals.
  5433 | Lair:3   | Found a hole to the Spider Nest.
  5442 | Lair:3   | Noticed a death yak
  5442 | Lair:3   | Noticed a death yak
  5443 | Lair:3   | Noticed a death yak
  5443 | Lair:3   | Noticed a death yak
  5443 | Lair:3   | Noticed a death yak
  5444 | Lair:3   | Noticed a death yak
  5457 | Lair:4   | Reached skill level 5 in Shapeshifting
  5505 | Lair:4   | Noticed a boulder beetle
  5524 | Lair:4   | Killed a boulder beetle
  5762 | Lair:4   | Noticed an eight-headed hydra
  5770 | Lair:4   | HP: 2/118 [eight-headed hydra (7)]
  5771 | Lair:4   | Killed an eight-headed hydra
  5821 | Lair:5   | Entered Level 5 of the Lair of Beasts
  5938 | Lair:5   | Reached skill level 10 in Shapeshifting
  5966 | Lair:5   | Reached XP level 13. HP: 75/124 MP: 12/12
  6048 | Lair:5   | Reached ***** piety under Wu Jian
  6202 | Lair:5   | Identified the maw talisman of the Blind Marksman {+Blink
                  | Str+2 Dex+2}
  6202 | Lair:5   | Noticed Rupert
  6211 | Lair:5   | Paralysed by Rupert for 5 turns
  6217 | Lair:5   | Killed Rupert
  6274 | Lair:5   | Found a viscous altar of Jiyva.
  6274 | Lair:5   | Found a staircase to the Slime Pits.
  6625 | Lair:5   | Got an earthy gem with 1645 turns to spare
  6697 | Lair:4   | HP: 2/127 [komodo dragon (23)]
  6989 | D:10     | Reached XP level 14. HP: 137/137 MP: 13/13
  7403 | D:11     | Identified the +2 trident of Equilibrium {drain, rF- rCorr
                  | Dex+6}
  7424 | D:11     | You fall into a shaft and drop 1 floor!
  7828 | D:12     | Noticed Psyche
  7852 | D:12     | Killed Psyche
  8082 | D:12     | Reached skill level 10 in Fighting
  8402 | D:9      | Found a runed translucent gate.
  8402 | D:9      | Found a runed translucent gate.
  8402 | D:9      | Found a runed translucent gate.
  8402 | D:9      | Noticed pokeman's ghost (novice DEHW)
  8404 | D:9      | Found a basalt altar of Yredelemnul.
  8454 | D:9      | Found a blossoming altar of Fedhas.
  8594 | D:10     | Found a staircase to the Orcish Mines.
  8606 | Orc:1    | Entered Level 1 of the Orcish Mines
  8725 | Orc:2    | Entered Level 2 of the Orcish Mines
  8725 | Orc:2    | Found Moho's Antique Weapon Shoppe.
  8725 | Orc:2    | Found a staircase to the Elven Halls.
  8728 | Orc:2    | Paralysed by an orc sorcerer for 2 turns
  8739 | Orc:2    | Reached skill level 5 in Shields
  8739 | Orc:2    | Found Foumuhobb's Distillery.
  8757 | Orc:2    | Noticed an orc warlord
  8808 | Orc:2    | Bought 2 potions of curing for 78 gold pieces
  8808 | Orc:2    | Bought a potion of curing for 39 gold pieces
  8808 | Orc:2    | Bought a potion of mutation for 104 gold pieces
  8808 | Orc:2    | Bought a potion of haste for 130 gold pieces
  8817 | Orc:2    | Found a roughly hewn altar of Beogh.
  8833 | Orc:2    | Found Xuug's General Store.
  8843 | Orc:2    | Killed an orc warlord
  8859 | Orc:2    | Bought a scroll of teleportation for 39 gold pieces
  8859 | Orc:2    | Bought a potion of curing for 39 gold pieces
  8864 | Orc:2    | Found Rociesisk's Antique Armour Shoppe.
  8981 | Orc:2    | Found Ahon's Jewellery Shoppe.
  8989 | Orc:2    | Bought the ring "Wuefubbo" {rPois rF+ rC+ rCorr Str-2} for
                  | 451 gold pieces
  9224 | Abyss:1  | Cast into level 1 of the Abyss (orc)
  9312 | Abyss:2  | Found a corrupted altar of Lugonu.
  9395 | Abyss:2  | Noticed a lich
  9402 | Abyss:2  | Killed a lich
  9448 | Abyss:2  | Noticed a lich
  9448 | Abyss:2  | Noticed an Executioner
  9462 | Abyss:2  | Killed a lich
  9466 | Abyss:2  | Killed an Executioner
  9507 | Abyss:2  | Reached XP level 15. HP: 80/149 MP: 14/14
  9521 | Abyss:2  | Reached skill level 10 in Shields
  9523 | Orc:1    | Escaped the Abyss
  9635 | Orc:1    | Found Cys Dauts's Self-Improvement Boutique.
  9973 | Lair:3   | Reached ****** piety under Wu Jian
 10118 | Spider:1 | Entered Level 1 of the Spider Nest
 10120 | Spider:1 | Noticed Nikola
 10373 | Lair:3   | Killed Nikola
 10803 | Spider:2 | Noticed Jorgrun
 10804 | Spider:2 | Noticed Arachne
 10877 | Spider:2 | Noticed Asterion
 10935 | Spider:1 | Noticed Louise
 10948 | Spider:1 | Killed Louise
 11062 | Spider:1 | Noticed an emperor scorpion
 11063 | Spider:1 | Identified the +1 hand axe of Sulphur {venom, rElec Int+3
                  | Dex+2}
 11077 | Spider:1 | Killed an emperor scorpion
 11086 | Spider:1 | Noticed an emperor scorpion
 11166 | Spider:2 | HP: 7/149 [something (1)]
 11174 | Spider:2 | HP: 6/149 [something (4)]
 11282 | Shoals:1 | Entered Level 1 of the Shoals
 11713 | Shoals:2 | Reached XP level 16. HP: 94/158 MP: 15/15
 12013 | Shoals:2 | Found a glacial archway.
 12024 | IceCv    | Entered an ice cave
 12037 | IceCv    | Found a transporter.
 12049 | IceCv    | Found a transporter.
 12142 | Shoals:4 | Entered Level 4 of the Shoals
 12183 | Shoals:4 | Found Iwolax's General Store.
 12192 | Shoals:4 | Bought a scroll of teleportation for 42 gold pieces
 12192 | Shoals:4 | Bought a scroll of revelation for 105 gold pieces
 12203 | Shoals:4 | Identified the ring "Qech" {rPois rC+ Will+ Slay+2}
 12546 | Shoals:4 | HP: 4/158 [merfolk javelineer/silver javelin (4)]
 12641 | Shoals:4 | Identified a scroll of acquirement
 12642 | Shoals:4 | Acquired 795 gold pieces
 12695 | Shoals:4 | Got an azure gem with 506 turns to spare
 12697 | Shoals:4 | Got a barnacled rune of Zot
 13007 | Spider:1 | HP: 5/154 [something (8)]
 13320 | D:13     | Found a gate leading to a gauntlet.
 13335 | Gauntlet | Entered a Gauntlet
 13335 | Gauntlet | Found a transporter.
 13339 | Gauntlet | Found a transporter.
 13341 | Gauntlet | Found a transporter.
 13356 | Gauntlet | Found a transporter.
 13358 | Gauntlet | Found a transporter.
 13366 | Gauntlet | Found a runed translucent door.
 13369 | Gauntlet | Found a transporter.
 13383 | Gauntlet | Found a transporter.
 13393 | Gauntlet | Found a transporter.
 13403 | Gauntlet | Found a transporter.
 13410 | Gauntlet | Found a transporter.
 13410 | Gauntlet | Found a transporter.
 13412 | Gauntlet | Found a transporter.
 13432 | Gauntlet | Found a transporter.
 13476 | Gauntlet | Found a transporter.
 13657 | Gauntlet | Identified the +2 flail of Oozing Pus {heavy, +Blink rN+
                  | Int+2 Dex-5}
 13657 | Gauntlet | Identified the ring "Zourrien" {rCorr Str+3 Int+6 Dex+4}
 13674 | Gauntlet | Identified the staff of Hatred {*Corrode Fly rElec Dex+3
                  | Air}
 13715 | D:13     | Noticed Urug
 13718 | D:13     | Found a snail-covered altar of Cheibriados.
 13723 | D:13     | Killed Urug
 13753 | D:13     | Noticed Sonja
 13770 | D:13     | Killed Sonja
 13820 | D:13     | Noticed Erolcha
 13828 | D:13     | Killed Erolcha
 13870 | D:13     | Acquired a granite talisman
 13903 | D:14     | Found a gate to the Vaults.
 13924 | D:14     | Reached XP level 17. HP: 122/167 MP: 16/16
 14394 | Lair:3   | Identified the +9 dagger of Big Damage {spect, rPois Int+2}
 14487 | Spider:2 | Killed Jorgrun
 14509 | Spider:2 | Killed Asterion
 14582 | Spider:2 | Killed Arachne
 14831 | Spider:3 | Reached skill level 15 in Shapeshifting
 14997 | Spider:4 | Entered Level 4 of the Spider Nest
 15261 | Spider:4 | Got a gossamer rune of Zot
 15266 | Spider:4 | Got a milky-white gem with 364 turns to spare
 15272 | Spider:4 | Identified the +1 pair of boots "Xeoppuy" {rF+ Dex+2}
 15630 | Elf:1    | Entered Level 1 of the Elven Halls
 15640 | Elf:1    | Reached XP level 18. HP: 182/182 MP: 17/17
 15664 | Elf:3    | Entered Level 3 of the Elven Halls
 15880 | Elf:3    | Found Alirghea's Assorted Antiques.
 15880 | Elf:3    | Found Muplo's Antique Armour Emporium.
 15895 | Elf:3    | Bought a scroll of blinking for 210 gold pieces
 15998 | Elf:3    | Found Qys Mase's Weapon Shop.
 16039 | Elf:3    | Found a runed translucent gate.
 16039 | Elf:3    | Found a runed translucent gate.
 16041 | Elf:3    | Found a runed translucent gate.
 16043 | Elf:3    | Noticed AutarchDCSS's ghost (adept DrCK)
 16525 | Elf:3    | Identified the +1 storm dragon scales of Dishonour {rElec
                  | rC+ Dex+3}
 16569 | Elf:3    | Found the +7 great mace "Firestarter" {flame, immolate,
                  | rFlCloud rF++}
 16593 | Elf:3    | Got a shimmering gem with 401 turns to spare
 16622 | Elf:3    | Identified the amulet "Opula" {Reflect rPois SH+5}
 16914 | Vaults:1 | Entered Level 1 of the Vaults
 17015 | Vaults:1 | Found a crumbling gateway.
 17015 | Vaults:1 | Identified the serpent talisman of Zubominn {rC+}
 17015 | Vaults:1 | Noticed Aizul
 17020 | Vaults:1 | Killed Aizul
 17024 | Desolati | Entered the Desolation of Salt
 17044 | Desolati | Reached skill level 15 in Fighting
 17064 | Desolati | Identified the ring "Kut Nefitue" {Dex+6 Slay+2 SInv}
 17079 | Desolati | Identified the ring of Tahot {rElec Int+6}
 17167 | Desolati | Reached XP level 19. HP: 165/201 MP: 18/18
 17195 | Desolati | Got the Disquisition on the Dead
 17272 | Desolati | Identified the ring of Creativity {Fly rF+++ rN+ rCorr
                  | Str+2}
 17475 | Vaults:2 | Found a staircase to the Crypt.
 17475 | Vaults:2 | Found an ancient bone altar of Kikubaaqudgha.
 17476 | Vaults:2 | Found a basalt altar of Yredelemnul.
 17993 | Vaults:3 | Found Gaemme's Weapon Shoppe.
 18208 | Vaults:4 | Found a flickering gateway to a bazaar.
 18208 | Vaults:4 | Found Goujimm's Distillery.
 18218 | Bazaar   | Entered a bazaar
 18232 | Bazaar   | Found Noiwn's Weapon Emporium.
 18232 | Bazaar   | Found Fimidera's Magic Scroll Shoppe.
 18237 | Bazaar   | Bought a scroll of teleportation for 36 gold pieces
 18237 | Bazaar   | Bought a scroll of fear for 48 gold pieces
 18253 | Bazaar   | Found Joodwa's Assorted Antiques.
 18253 | Bazaar   | Found Mecad's Distillery.
 18257 | Bazaar   | Bought a scroll of fear for 64 gold pieces
 18263 | Bazaar   | Bought a potion of curing for 39 gold pieces
 18263 | Bazaar   | Bought a potion of mutation for 104 gold pieces
 18263 | Bazaar   | Bought a potion of mutation for 104 gold pieces
 18263 | Bazaar   | Bought a potion of resistance for 130 gold pieces
 18279 | Bazaar   | Found Nufohinyh's Magic Scroll Emporium.
 18279 | Bazaar   | Found Icseirokim's Antique Weapon Shoppe.
 18334 | Vaults:5 | Entered Level 5 of the Vaults
 18359 | Vaults:5 | Reached XP level 20. HP: 172/210 MP: 19/19
 18499 | Vaults:5 | Paralysed by a sphinx for 2 turns
 18503 | Vaults:5 | Noticed a golden dragon
 18506 | Vaults:5 | Noticed an ancient lich
 18551 | Vaults:5 | Killed an ancient lich
 18559 | Vaults:5 | Killed a golden dragon
 18716 | Vaults:5 | Noticed a golden dragon
 18719 | Vaults:5 | Killed a golden dragon
 18885 | Vaults:5 | Identified the ring of Ofoterurch {Str+4 Int+6}
 18962 | Vaults:5 | Found the +0 pair of gloves of the gadgeteer {Gadgeteer
                  | Wandboost ^Fragile}
 18980 | Vaults:5 | Identified the amulet "Jahalosa" {Spirit Rampage rN++ Will-
                  | rCorr}
 18988 | Vaults:5 | Identified the +9 great sword of the Big Bang {venom, rC+
                  | Str+4}
 18994 | Vaults:5 | Got Garank's Thoughts on the Beaker
 19018 | Vaults:5 | Identified the +6 broad axe of Botour {spect, +Blink rPois
                  | rCorr Int-2}
 19065 | Vaults:5 | Got the Compilation of the Grave
 19167 | Vaults:5 | Found Zomydgh's Assorted Antiques.
 19179 | Vaults:5 | Bought a slimy marble ring for 195 gold pieces
 19179 | Vaults:5 | Identified the ring "Tyzaessu" {rPois rF- rC+ Str-4 Dex+6}
                  | (You bought it in a shop on level 5 of the Vaults)
 19369 | Vaults:5 | Got the Catalogue of Felsic Location
 19476 | Vaults:5 | Got a shining gem with 673 turns to spare
 19480 | Vaults:5 | Got a silver rune of Zot
 19497 | Vaults:5 | Reached skill level 27 in Unarmed Combat
 19842 | Orc:1    | Bought a manual of Shields for 1200 gold pieces
 19993 | D:15     | Entered Level 15 of the Dungeon
 20035 | D:15     | Found a glowing silver altar of Zin.
 20035 | D:15     | Found a white marble altar of Elyvilon.
 20036 | D:15     | Found a glowing golden altar of the Shining One.
 20142 | D:15     | Found a staircase to the Depths.
 20150 | D:15     | Got a smoky gem with 1727 turns to spare
 20169 | Depths:1 | Entered Level 1 of the Depths
 20169 | Depths:1 | Noticed Saint Roka
 20170 | Depths:1 | Paralysed by an orc sorcerer for 3 turns
 20181 | Depths:1 | Killed Saint Roka
 20188 | Depths:1 | Reached XP level 21. HP: 21/218 MP: 20/20
 20379 | Depths:1 | Found a flickering gateway to a bazaar.
 20389 | Bazaar   | Entered a bazaar
 20389 | Bazaar   | Found Ucudook's Assorted Antiques.
 20389 | Bazaar   | Found Qummab's Antique Weapon Shoppe.
 20389 | Bazaar   | Found Hemuw's Assorted Antiques.
 20389 | Bazaar   | Found Iniodozin's Assorted Antiques.
 20391 | Bazaar   | Found Seyruex's Assorted Antiques.
 20391 | Bazaar   | Found Kiah Xoa's Antique Armour Emporium.
 20407 | Bazaar   | Bought a slimy copper ring for 105 gold pieces
 20407 | Bazaar   | Identified the ring "Hunel" {^Drain +Blink MP+9 Int+7 SInv}
                  | (You bought it in a shop in a bazaar)
 20407 | Bazaar   | Bought a scroll of revelation for 157 gold pieces
 20407 | Bazaar   | Bought a scroll of blinking for 157 gold pieces
 20407 | Bazaar   | Bought a potion of haste for 210 gold pieces
 20415 | Bazaar   | Bought a smoking steel ring for 180 gold pieces
 20415 | Bazaar   | Identified the ring of Ficreaj {rElec rPois rC+} (You
                  | bought it in a shop in a bazaar)
 20415 | Bazaar   | Bought a potion of curing for 108 gold pieces
 20721 | Slime:1  | Entered Level 1 of the Pits of Slime
 20788 | Slime:5  | Entered Level 5 of the Pits of Slime
 20803 | Slime:5  | Gained mutation: You are occasionally teleported next to
                  | monsters. [a shining eye]
 20805 | Slime:5  | Gained mutation: You are dopey. (Int -2) [a shining eye]
 20808 | Slime:5  | Lost mutation: You are dopey. (Int -2) [potion of mutation]
 20808 | Slime:5  | Lost mutation: You are occasionally teleported next to
                  | monsters. [potion of mutation]
 20808 | Slime:5  | Gained mutation: You are partially covered in iridescent
                  | scales. (AC +2) [potion of mutation]
 20808 | Slime:5  | Gained mutation: You are partially covered in large bone
                  | plates. (SH +4) [potion of mutation]
 20808 | Slime:5  | Gained mutation: You are clumsy. (Dex -2) [potion of
                  | mutation]
 20833 | Slime:5  | Noticed the Royal Jelly
 20966 | Slime:5  | Reached skill level 15 in Shields
 21007 | Slime:5  | Found a viscous altar of Jiyva.
 21058 | Slime:5  | Killed the Royal Jelly
 21140 | Slime:5  | Got a starry gem with 40 turns to spare
 21170 | Slime:5  | Identified the +6 sling "Roppot" {flame, rElec rN+ rCorr
                  | Dex-5}
 21172 | Slime:5  | Got a slimy rune of Zot
 21174 | Slime:5  | Got the Encyclopedia of Austromancy and Blasts
 21228 | Slime:5  | Identified the ring "Seiwiot" {Ice rElec Will+ Int-5}
 21263 | Slime:5  | Identified the +10 quarterstaff of Painted Tender Mercy
                  | {drain, rElec rC+ Stlth+}
 21275 | Slime:5  | Identified the staff of Dishonour {Str+2 Dex+2 Conj}
 21342 | Slime:1  | Gained mutation: Your spells are a little easier to cast,
                  | but a little less powerful. [a shining eye]
 21343 | Slime:1  | Gained mutation: Your body sometimes deteriorates upon
                  | taking damage. [a shining eye]
 21344 | Slime:1  | Gained mutation: You are frail. (-10% HP) [a shining eye]
 21345 | Slime:1  | Gained mutation: You occasionally lose the ability to read
                  | scrolls when taking damage. [a shining eye]
 21641 | Depths:2 | Found an ancient bone altar of Kikubaaqudgha.
 21752 | Depths:3 | Found a one-way gateway to a ziggurat.
 21822 | Depths:3 | Found a gateway to Hell.
 21839 | Depths:3 | Noticed a golden dragon
 21842 | Depths:3 | Killed a golden dragon
 21902 | Depths:3 | Found the crystal ball of Wucad Mu {*channel}
 21989 | Depths:3 | Found an iron altar of Okawaru.
 21991 | Depths:4 | Entered Level 4 of the Depths
 22147 | Depths:4 | Found a gate to the Realm of Zot.
 22149 | Depths:4 | Reached XP level 22. HP: 202/202 MP: 21/21
 22157 | Depths:4 | Got a midnight gem with 2046 turns to spare
 22420 | Depths:2 | Found Puceyl's Armour Boutique.
 22551 | Depths:2 | Found a one-way gate leading to the halls of Pandemonium.
 22595 | Pan      | Entered Pandemonium
 22886 | Pan      | Noticed Ryefelav the pandemonium lord
 22892 | Pan      | Killed Ryefelav the pandemonium lord
 22906 | Pan      | Gained mutation: You are very clumsy. (Dex -4) [a
                  | cacodemon]
 22908 | Pan      | Lost mutation: You are partially covered in large bone
                  | plates. (SH +4) [potion of mutation]
 22908 | Pan      | Lost mutation: You are frail. (-10% HP) [potion of
                  | mutation]
 22908 | Pan      | Lost mutation: You occasionally lose the ability to read
                  | scrolls when taking damage. [potion of mutation]
 22908 | Pan      | Lost mutation: Your spells are a little easier to cast, but
                  | a little less powerful. [potion of mutation]
 22908 | Pan      | Lost mutation: You are partially covered in iridescent
                  | scales. (AC +2) [potion of mutation]
 22909 | Pan      | Reached XP level 23. HP: 95/234 MP: 18/22
 23224 | Pan      | Found a glowing silver altar of Zin.
 23370 | Pan      | Identified the amulet "Wunikik" {rElec rC+ RegenMP+ Str+2}
 23370 | Pan      | Noticed a seraph
 23373 | Pan      | Found a glowing golden altar of the Shining One.
 23373 | Pan      | Killed a seraph
 23392 | Pan      | Got the Quarto of Niveous Gases
 23394 | Pan      | Got a demonic rune of Zot
 23395 | Pan      | Identified the amulet "Seirhid" {Acrobat Regen+ Int+2}
 23406 | Pan      | Identified the +3 hand cannon of Floods {antimagic, Str+2}
 23608 | Pan      | Found a white marble altar of Elyvilon.
 23799 | Pan      | Gained mutation: You have hidden genetic defects. [a
                  | neqoxec]
 23828 | Pan      | Reached XP level 24. HP: 244/244 MP: 1/22
 23881 | Pan      | Noticed Visonean the pandemonium lord
 23887 | Pan      | Killed Visonean the pandemonium lord
 23887 | Pan      | Noticed Ignacio
 24049 | Pan      | Entered the realm of Cerebov.
 24097 | Pan      | Gained mutation: You occasionally lose the ability to read
                  | scrolls when taking damage. [hidden defects]
 24134 | Pan      | Found the +6 sword of Cerebov {flame}
 24134 | Pan      | Noticed Cerebov
 24145 | Pan      | Killed Cerebov
 24168 | Pan      | Identified the +6 chain mail of Decompression {-Tele Str+3
                  | Slay+3 SInv}
 24221 | Pan      | Identified the +9 fire dragon scales of Puphe {+Blink rF++
                  | rC- Int+4 SInv}
 24313 | Pan      | Got a fiery rune of Zot
 24386 | Pan      | Entered the realm of Lom Lobon.
 24413 | Pan      | Gained mutation: You are occasionally teleported next to
                  | monsters. [hidden defects]
 24413 | Pan      | Lost mutation: You have hidden genetic defects. [hidden
                  | defects expressed]
 24442 | Pan      | Noticed Ignacio
 24447 | Pan      | Killed Ignacio
 24474 | Pan      | Paralysed by a fenstrider witch for 5 turns
 24495 | Pan      | Lost mutation: You are occasionally teleported next to
                  | monsters. [potion of mutation]
 24495 | Pan      | Lost mutation: Your body sometimes deteriorates upon taking
                  | damage. [potion of mutation]
 24495 | Pan      | Gained mutation: Your muscles are strong. (Str +4, Int/Dex
                  | -1) [potion of mutation]
 24495 | Pan      | Gained mutation: Your health recovers twice as slowly from
                  | being drained. [potion of mutation]
 24495 | Pan      | Gained mutation: Your spells are a little harder to cast,
                  | but a little more powerful. [potion of mutation]
 24496 | Pan      | Lost mutation: Your spells are a little harder to cast, but
                  | a little more powerful. [potion of mutation]
 24496 | Pan      | Lost mutation: You are very clumsy. (Dex -4) [potion of
                  | mutation]
 24496 | Pan      | Lost mutation: You are clumsy. (Dex -2) [potion of
                  | mutation]
 24496 | Pan      | Gained mutation: You expend magic power (3 MP) to
                  | strengthen your wands. [potion of mutation]
 24496 | Pan      | Gained mutation: You are somewhat resistant to further
                  | mutation. [potion of mutation]
 24497 | Pan      | Lost mutation: Your muscles are strong. (Str +4, Int/Dex
                  | -1) [potion of mutation]
 24497 | Pan      | Lost mutation: You occasionally lose the ability to read
                  | scrolls when taking damage. [potion of mutation]
 24497 | Pan      | Lost mutation: You expend magic power (3 MP) to strengthen
                  | your wands. [potion of mutation]
 24727 | Pan      | Noticed Lom Lobon
 24747 | Pan      | Killed Lom Lobon
 24788 | Pan      | Got a magical rune of Zot
 24969 | Pan      | Noticed Jetis the pandemonium lord
 24972 | Pan      | Killed Jetis the pandemonium lord
 25045 | Pan      | Entered the realm of Mnoleg.
 25046 | Pan      | Gained mutation: Your body sometimes deteriorates upon
                  | taking damage. [a cacodemon]
 25057 | Pan      | Gained mutation: Your body often deteriorates upon taking
                  | damage. [a cacodemon]
 25058 | Pan      | Reached XP level 25. HP: 252/252 MP: 22/22
 25099 | Pan      | Noticed Mnoleg
 25109 | Pan      | Killed Mnoleg
 25143 | Pan      | Got a glowing rune of Zot
 25317 | Pan      | Entered the realm of Gloorx Vloq.
 25524 | Pan      | Noticed Gloorx Vloq
 25532 | Pan      | Killed Gloorx Vloq
 25643 | Pan      | Got a dark rune of Zot
 25766 | Pan      | Found an exit through the horrors of the Abyss.
 25770 | Pan      | Took an exit into the Abyss.
 25770 | Abyss:2  | Escaped into the Abyss
 25831 | Abyss:2  | Found an ornate altar of the Wu Jian Council.
 25902 | Abyss:3  | Found a corrupted altar of Lugonu.
 26076 | Abyss:5  | Got an abyssal rune of Zot
 26086 | Depths:2 | Escaped the Abyss
 26087 | Depths:2 | Lost mutation: Your body often deteriorates upon taking
                  | damage. [potion of mutation]
 26087 | Depths:2 | Lost mutation: You are somewhat resistant to further
                  | mutation. [potion of mutation]
 26087 | Depths:2 | Gained mutation: Your body often deteriorates upon taking
                  | damage. [potion of mutation]
 26087 | Depths:2 | Gained mutation: You are strong-willed. (Will+) [potion of
                  | mutation]
 26088 | Depths:2 | Lost mutation: Your body often deteriorates upon taking
                  | damage. [potion of mutation]
 26088 | Depths:2 | Lost mutation: Your health recovers twice as slowly from
                  | being drained. [potion of mutation]
 26088 | Depths:2 | Lost mutation: You are strong-willed. (Will+) [potion of
                  | mutation]
 26088 | Depths:2 | Gained mutation: You passively map a small area around you.
                  | [potion of mutation]
 26088 | Depths:2 | Gained mutation: A frigid envelope surrounds you and
                  | freezes all who hurt you. [potion of mutation]
 26089 | Depths:2 | Lost mutation: You passively map a small area around you.
                  | [potion of mutation]
 26089 | Depths:2 | Lost mutation: Your body sometimes deteriorates upon taking
                  | damage. [potion of mutation]
 26089 | Depths:2 | Gained mutation: Your movements are slightly less
                  | encumbered by armour. (ER -2) [potion of mutation]
 26089 | Depths:2 | Gained mutation: Your body sometimes deteriorates upon
                  | taking damage. [potion of mutation]
 26089 | Depths:2 | Gained mutation: You possess an exceptional clarity of
                  | mind. [potion of mutation]
 26090 | Depths:2 | Lost mutation: Your body sometimes deteriorates upon taking
                  | damage. [potion of mutation]
 26090 | Depths:2 | Lost mutation: Your movements are slightly less encumbered
                  | by armour. (ER -2) [potion of mutation]
 26090 | Depths:2 | Gained mutation: You are frail. (-10% HP) [potion of
                  | mutation]
 26091 | Depths:2 | Lost mutation: You are frail. (-10% HP) [potion of
                  | mutation]
 26091 | Depths:2 | Lost mutation: You possess an exceptional clarity of mind.
                  | [potion of mutation]
 26091 | Depths:2 | Lost mutation: A frigid envelope surrounds you and freezes
                  | all who hurt you. [potion of mutation]
 26091 | Depths:2 | Gained mutation: You are partially covered in iridescent
                  | scales. (AC +2) [potion of mutation]
 26091 | Depths:2 | Gained mutation: You are resistant to electric shocks.
                  | (rElec) [potion of mutation]
 26123 | Hell     | Entered the Vestibule of Hell
 26123 | Hell     | Noticed Geryon
 26133 | Hell     | Killed Geryon
 26144 | Hell     | Reached XP level 26. HP: 151/267 MP: 22/22
 26320 | Hell     | Found a gateway to the freezing wastes of Cocytus.
 26323 | Hell     | Paralysed by a wendigo for 1 turns
 26332 | Hell     | Paralysed by a wendigo for 1 turns
 26390 | Hell     | Found a gateway to the ashen valley of Gehenna.
 26399 | Geh:1    | Entered Level 1 of Gehenna
 26814 | Geh:7    | Entered Level 7 of Gehenna
 27065 | Geh:7    | Identified the amulet "Doewn" {Spirit rElec Regen+}
 27124 | Geh:7    | Found the +13 sceptre of Asmodeus
 27124 | Geh:7    | Noticed Asmodeus
 27129 | Geh:7    | Killed Asmodeus
 27130 | Geh:7    | Reached XP level 27. HP: 264/293 MP: 15/22
 27143 | Geh:7    | Identified the +4 demon blade of Lut Jigag {drain, rPois
                  | Int-3 Dex+6 Stlth-}
 27144 | Geh:7    | Identified the ring of Weyqup {Str+5 SInv}
 27157 | Geh:7    | Identified the +7 battleaxe of Zacuf {venom, *Rage rPois
                  | rF+ rC+}
 27158 | Geh:7    | Identified the ring of Summer {Int+6 Stlth+}
 27161 | Geh:7    | Identified the +0 chain mail of Courage {Dex+7}
 27163 | Geh:7    | Got the Compilation of Phantasms
 27170 | Geh:7    | Got an obsidian rune of Zot
 27406 | Hell     | Found a gateway to the decaying netherworld of Tartarus.
 27415 | Tar:1    | Entered Level 1 of Tartarus
 27567 | Tar:2    | Noticed an ancient lich
 27577 | Tar:2    | Killed an ancient lich
 27715 | Tar:5    | Found a huge runed translucent gate.
 27715 | Tar:5    | Found a huge runed translucent gate.
 27715 | Tar:5    | Found a huge runed translucent gate.
 27715 | Tar:5    | Found a huge runed translucent gate.
 27717 | Tar:5    | Found a huge runed translucent gate.
 27717 | Tar:5    | Found a huge runed translucent gate.
 27718 | Tar:5    | Found a huge runed translucent gate.
 27718 | Tar:5    | Found a huge runed translucent gate.
 27718 | Tar:5    | Found a huge runed translucent gate.
 27718 | Tar:5    | Found a huge runed translucent gate.
 27719 | Tar:5    | Found a huge runed translucent gate.
 27719 | Tar:5    | Found a huge runed translucent gate.
 27719 | Tar:5    | Found a huge runed translucent gate.
 27721 | Tar:5    | Found a huge runed translucent gate.
 27724 | Tar:5    | Found a huge runed translucent gate.
 27725 | Tar:5    | Found a huge runed translucent gate.
 27725 | Tar:5    | Found a huge runed translucent gate.
 27726 | Tar:5    | Found a huge runed translucent gate.
 27727 | Tar:5    | Found a huge runed translucent gate.
 27728 | Tar:5    | Found a huge runed translucent gate.
 27729 | Tar:5    | Found a huge runed translucent gate.
 27729 | Tar:5    | Found a huge runed translucent gate.
 27733 | Tar:5    | Found a huge runed translucent gate.
 27734 | Tar:5    | Found a huge runed translucent gate.
 27735 | Tar:5    | Found a huge runed translucent gate.
 27735 | Tar:5    | Found a huge runed translucent gate.
 27738 | Tar:5    | Found a huge runed translucent gate.
 27739 | Tar:5    | Found a huge runed translucent gate.
 27741 | Tar:5    | Found a huge runed translucent gate.
 27742 | Tar:5    | Found a huge runed translucent gate.
 27742 | Tar:5    | Found a huge runed translucent gate.
 27747 | Tar:5    | Noticed an ancient lich
 27748 | Tar:5    | Found a huge runed translucent gate.
 27748 | Tar:5    | Found a huge runed translucent gate.
 27748 | Tar:5    | Found a huge runed translucent gate.
 27748 | Tar:5    | Found a huge runed translucent gate.
 27756 | Tar:5    | Found a huge runed translucent gate.
 27951 | Tar:7    | Entered Level 7 of Tartarus
 27957 | Tar:7    | Noticed a dread lich
 27963 | Tar:7    | Killed a dread lich
 28043 | Tar:7    | Noticed Ereshkigal
 28050 | Tar:7    | Killed Ereshkigal
 28072 | Tar:7    | Got a bone rune of Zot
 28205 | Hell     | Found a gateway to the Iron City of Dis.
 28211 | Dis:1    | Entered Level 1 of the Iron City of Dis
 28601 | Dis:7    | Entered Level 7 of the Iron City of Dis
 28903 | Dis:7    | Noticed the Serpent of Hell
 28915 | Dis:7    | Killed the Serpent of Hell
 28945 | Dis:7    | Found the +15 Maxwell's patent armour {-Cast -Tele rElec
                  | Will+ rCorr}
 28945 | Dis:7    | Noticed Dispater
 28954 | Dis:7    | Killed Dispater
 28955 | Dis:7    | Got an iron rune of Zot
 29144 | Coc:1    | Entered Level 1 of Cocytus
 29377 | Coc:3    | Noticed a dread lich
 29384 | Coc:3    | Killed a dread lich
 29408 | Coc:4    | Paralysed by a wendigo for 1 turns
 29518 | Coc:5    | Paralysed by a wendigo for 1 turns
 29635 | Coc:7    | Entered Level 7 of Cocytus
 29692 | Coc:7    | Reached skill level 27 in Fighting
 29717 | Coc:7    | Reached skill level 5 in Dodging
 29855 | Coc:7    | Noticed Antaeus
 29868 | Coc:7    | Killed Antaeus
 29870 | Coc:7    | Found the +9 staff of Olgreb {rPois∞}
 29883 | Coc:7    | Got an icy rune of Zot
 29886 | Coc:7    | Identified the ring "Duon" {Will+ Int+2 Slay+3 SInv}
 30192 | Crypt:1  | Entered Level 1 of the Crypt
 30249 | Crypt:1  | Noticed Mennas
 30261 | Crypt:1  | Killed Mennas
 30336 | Crypt:1  | Reached skill level 10 in Dodging
 30474 | Crypt:3  | Entered Level 3 of the Crypt
 30612 | Crypt:3  | Found an ancient bone altar of Kikubaaqudgha.
 30650 | Crypt:3  | Got an ivory gem with 1363 turns to spare
 30667 | Crypt:3  | Identified the +4 quick blade "Kuroll" {antimagic, rF+
                  | Int+4 SInv Stlth+}
 30738 | Crypt:3  | Found a staircase to the Tomb.
 30753 | Tomb:1   | Entered Level 1 of the Tomb of the Ancients
 30890 | Tomb:1   | Noticed a royal mummy
 30897 | Tomb:1   | Noticed a royal mummy
 30909 | Tomb:1   | Killed a royal mummy
 30912 | Tomb:1   | Killed a royal mummy
 31028 | Tomb:2   | Noticed a royal mummy
 31030 | Tomb:2   | Noticed a royal mummy
 31034 | Tomb:2   | Noticed a royal mummy
 31035 | Tomb:2   | Noticed a royal mummy
 31037 | Tomb:2   | Killed a royal mummy
 31037 | Tomb:2   | Killed a royal mummy
 31040 | Tomb:2   | Killed a royal mummy
 31064 | Tomb:2   | Killed a royal mummy
 31092 | Tomb:2   | Identified the +0 long sword of Veilouk {speed, rElec}
 31206 | Tomb:2   | Identified the +2 robe "Lunirhy" {Rampage Slay+2 Stlth-}
 31436 | Tomb:1   | Noticed a royal mummy
 31436 | Tomb:1   | Noticed a royal mummy
 31438 | Tomb:1   | Noticed a royal mummy
 31439 | Tomb:1   | Noticed a royal mummy
 31442 | Tomb:1   | Killed a royal mummy
 31443 | Tomb:1   | Reached skill level 15 in Dodging
 31446 | Tomb:1   | Noticed a royal mummy
 31446 | Tomb:1   | Noticed a royal mummy
 31453 | Tomb:1   | Noticed a royal mummy
 31459 | Tomb:1   | Killed a royal mummy
 31461 | Tomb:1   | Noticed a royal mummy
 31467 | Tomb:1   | Killed a royal mummy
 31468 | Tomb:1   | Noticed a royal mummy
 31473 | Tomb:1   | Killed a royal mummy
 31475 | Tomb:1   | Noticed a royal mummy
 31476 | Tomb:1   | Noticed a royal mummy
 31477 | Tomb:1   | Killed a royal mummy
 31479 | Tomb:1   | Killed a royal mummy
 31482 | Tomb:1   | Killed a royal mummy
 31489 | Tomb:1   | Noticed a royal mummy
 31489 | Tomb:1   | Killed a royal mummy
 31493 | Tomb:1   | Killed a royal mummy
 31495 | Tomb:1   | Killed a royal mummy
 31495 | Tomb:1   | Killed a royal mummy
 31496 | Tomb:1   | Noticed a royal mummy
 31498 | Tomb:1   | Killed a royal mummy
 31499 | Tomb:1   | Killed a royal mummy
 31592 | Tomb:1   | Noticed a royal mummy
 31607 | Tomb:1   | Killed a royal mummy
 31891 | Tomb:3   | Entered Level 3 of the Tomb of the Ancients
 31905 | Tomb:3   | Noticed a royal mummy
 31908 | Tomb:3   | Noticed a royal mummy
 31913 | Tomb:3   | Killed a royal mummy
 31924 | Tomb:3   | Noticed a royal mummy
 31924 | Tomb:3   | Noticed a royal mummy
 31927 | Tomb:3   | Killed a royal mummy
 31931 | Tomb:3   | Killed a royal mummy
 31937 | Tomb:3   | Noticed a royal mummy
 31945 | Tomb:3   | Noticed a royal mummy
 31945 | Tomb:3   | Noticed a royal mummy
 31947 | Tomb:3   | Killed a royal mummy
 31951 | Tomb:3   | Noticed a royal mummy
 31951 | Tomb:3   | Killed a royal mummy
 31951 | Tomb:3   | Killed a royal mummy
 31953 | Tomb:3   | Killed a royal mummy
 31957 | Tomb:3   | Killed a royal mummy
 32042 | Tomb:3   | Found the +8 arc blade {discharge, rElec}
 32050 | Tomb:3   | Identified the ring "Imexagaf" {rC+ Str+6 Int+3 Dex+5}
 32166 | Tomb:3   | Got a sanguine gem with 154 turns to spare
 32169 | Tomb:3   | Got a golden rune of Zot
 32190 | Tomb:3   | Got Jawiggal's Spellbook of Captivating Energy
 32811 | Zot:1    | Entered Level 1 of the Realm of Zot
 32837 | Zot:1    | Noticed an orb of fire
 32838 | Zot:1    | Gained mutation: Your body sometimes deteriorates upon
                  | taking damage. [an orb of fire]
 32843 | Zot:1    | Killed an orb of fire
 32893 | Zot:2    | Found the +4 dragonskin cloak {Aegis}
 32893 | Zot:2    | Noticed Tiamat
 32905 | Zot:2    | Killed Tiamat
 33214 | Zot:5    | Entered Level 5 of the Realm of Zot
 33295 | Zot:5    | Got a prismatic gem with 320 turns to spare
 33309 | Zot:5    | Paralysed by a Zot trap for 2 turns
 33315 | Zot:5    | Noticed a dread lich
 33315 | Zot:5    | Noticed an orb of fire
 33320 | Zot:5    | Killed a dread lich
 33321 | Zot:5    | Killed an orb of fire
 33324 | Zot:5    | Noticed an orb of fire
 33325 | Zot:5    | Noticed a dread lich
 33329 | Zot:5    | Killed an orb of fire
 33336 | Zot:5    | Noticed a dread lich
 33336 | Zot:5    | Killed a dread lich
 33344 | Zot:5    | Reached skill level 27 in Shields
 33347 | Zot:5    | Killed a dread lich
 33388 | Zot:5    | Got the Orb of Zot
 33432 | Zot:5    | Gained mutation: You sometimes lose your temper in combat.
                  | [mutagenic glow]
 33483 | Zot:4    | Noticed Qeruron the pandemonium lord
 33822 | D:9      | Noticed Luakh the pandemonium lord
 33828 | D:9      | Killed Luakh the pandemonium lord
 33892 | D:6      | Noticed Mebe Seo the pandemonium lord
 33892 | D:6      | Noticed an ancient lich
 33894 | D:6      | Killed Mebe Seo the pandemonium lord
 33894 | D:6      | Killed an ancient lich
 34124 | D:$      | Escaped with the Orb!

Illustrated notes

Levels and vault maps discovered:
D:1:      elethiomel_arrival_shortcut, layout_loops_ring,
          hellmonk_ecumenical_altar_leap_of_faith
D:2:      layout_loops_corners, serial_forest, infiniplex_forest_clump_cross,
          infiniplex_forest_straight_4, infiniplex_forest_clump_long,
          infiniplex_forest_clump_small, infiniplex_forest_clump_curved
D:3:      layout_basic, nicolae_qazlal_general_emergency, uniq_jessica
D:4:      layout_cave_pools
D:5:      layout_layer_cave, pdpol_temple_overflow_zin_treasury_gozag_greed,
          lemuel_tele_altar, minmay_temple_entry_drinking_statues,
          lightli_sewer_entry_pipes
D:6:      minmay_diamond_boxcup, layout_basic,
          grunt_dithmenos_smoke_and_mirrors, marbit_many_paths,
          mainiacjoe_ossuary_entry_find_the_door, uniq_pikel, uniq_edmund,
          uniq_prince_ribbit1
D:7:      layout_gridville, grunt_ministairs_10, minmay_misc_feat_hallway,
          uniq_menkaure, uniq_duvessa, uniq_maurice
D:8:      layout_rooms, bloody_makhleb, minmay_misc_feat_ornament,
          serial_bayou_pond_c
D:9:      layout_basic, fedhas_altar_4, mainiacjoe_overflow_catwalk,
          nicolae_yredelemnul_ghost_church
D:10:     kennysheep_steamy, layout_irregular_city, lair_entry_dummy,
          orc_0_dummy
D:11:     layout_basic
D:12:     layout_gridville, uniq_psyche
D:13:     layout_loops_ring, gauntlet_entry_generic, slow_altar_1, uniq_sonja,
          uniq_erolcha, uniq_urug
D:14:     layout_layer_cave, david_vaults_3
D:15:     grunt_enter_depths_snipers, layout_basic, good_gods_temple_1,
          minmay_statue_crystal_thing
Temple:   nicolae_temple_bog_church
Lair:1:   layout_gridlike, uniq_amaemon
Lair:2:   layout_regular_city, minmay_lair_oklob_bushes, nzn_sisyphean_effort
Lair:3:   layout_cave_pods, minmay_shoals_entry_beasts,
          nicolae_spider_entry_non_spiders
Lair:4:   onia_ninara_swampy_vault, layout_gridlike
Lair:5:   hangedman_lair_tendril_chambers, layout_regular_city,
          minmay_slime_entry_jelly_boxes, lemuel_fruit_tree, uniq_rupert
Shoals:1: layout_shoals
Shoals:2: layout_shoals, portal_ice_cave_entry_pillars_three,
          nicolae_shoals_kraken_party
Shoals:3: layout_shoals, argonaut_gorgonesque
Shoals:4: shoals_end_grunt_garden, layout_shoals, shoal_ilsuiw, serial_shops,
          nicolae_shop_tiny_glass, nicolae_shoals_secluded_bog
Spider:1: layout_spider_delve, nicolae_spider_world_wide_web,
          hangedman_spider_tarantella_strand, uniq_nikola, uniq_louise
Spider:2: layout_chambers, uniq_jorgrun, uniq_asterion, uniq_arachne
Spider:3: layout_chambers, einodemon_crawler_minivault
Spider:4: hellmonk_spider_rune_endless_swarm, guppyfry_spider_mini_2
Slime:1:  layout_caves, cheibrodos_slime_lost_civilization_4
Slime:2:  layout_caves, nicolae_slime_barrier
Slime:3:  layout_caves
Slime:4:  layout_caves
Slime:5:  slime_pit_nicolae_trefoil
Orc:1:    layout_caves, nicolae_shop_self_help
Orc:2:    grunt_orc_gardens, layout_caves, grunt_orc_garden, grunt_orc_garden,
          grunt_orc_garden, grunt_orc_garden, serial_shops, shop, basic_altar,
          sword_in_stone
Elf:1:    elf_arrival_001, layout_geoelf_octagon, minmay_elf_necromancy,
          uniq_azrael
Elf:2:    nicolae_elf_blades_splatter_lattice [infiniplex_blade_entry_pillars],
          layout_loops_corners, minmay_crystal_room, grunt_ministairs_14,
          drop_trap
Elf:3:    minmay_elf_hall, layout_loops_corners, serial_shops,
          nicolae_shop_rolling_square, ebering_ghost_rock_garden,
          minmay_shoptagon
Vaults:1: portal_desolation_entry_nicolae_slug, v_alt_pattern_4,
          vaults_mumra_bighexcomb, ontoclasm_vaults_pinch,
          hangedman_vaults_slice, nicolae_vaults_trapezoid_layered,
          nicolae_vaults_diamond_2, nicolae_vaults_mini_display_case,
          nicolae_vaults_ring_of_whatevers, nicolae_vaults_disjoint_gnomons,
          nicolae_vaults_surprise_closet, vaults_room_pools,
          layout_vaults_big_room, uniq_aizul
Vaults:2: minmay_crypt_entry_necro_gods, nicolae_vaults_rhombus_6,
          vaults_mumra_hex, v_misc_19, nicolae_vaults_double_plus_1,
          vaults_room_pool, nicolae_vaults_meeting,
          nicolae_vaults_trapezoid_lopsided_1, layout_vaults_omnigrid,
          uniq_frederick
Vaults:3: lightli_enter_wizlab_magi_temple, nicolae_vaults_little_squares_1,
          grunt_vaults_twisty, hangedman_vaults_slither,
          nicolae_vaults_tetromino_L_2, vaults_room_large_hall,
          hangedman_vaults_corner, nicolae_vaults_lopsided_apartments,
          nicolae_vaults_trapezoid_lopsided_2, nicolae_vaults_network_s,
          nicolae_vaults_little_squares_2, layout_vaults_omnibox, serial_shops,
          nicolae_shop_mannequins
Vaults:4: ontoclasm_vaults_ligature, v_misc_13, grunt_vaults_trifunnel,
          nicolae_vaults_six-pack, nicolae_vaults_doubleplus_tesselated,
          v_misc_15, nicolae_vaults_double_plus_2, hangedman_vaults_stitches,
          nicolae_vaults_diagonal_hallway_8, vaults_mumra_lcd,
          nicolae_vaults_tetromino_T_2, layout_vaults_big_cross, serial_shops,
          bzr_in_the_mist, shop, nicolae_shop_advertising_works
          [nicolae_subvault_shop_adworks], uniq_norris, uniq_jory
Vaults:5
Crypt:1:  cheibrodos_crypt_cold_storage, layout_chaotic_city,
          nicolae_crypt_vampire_mansion, grunt_crypt_arrival_guarded_gate,
          uniq_mennas
Crypt:2:  layout_basic, grunt_megastairs_5
Crypt:3:  church_of_pain_bobbens, layout_chaotic_city,
          nicolae_crypt_deepening_niches
Tomb:1
Tomb:2
Tomb:3
Depths:1: layout_basic, grunt_mini_vestibule, serial_shops, freezing_bzr,
          grunt_decor_fettered, corner_web_ring, minmay_misc_feat_square,
          ashenzari_altar_1, uniq_saint_roka
Depths:2: kennysheep_blocky_room, layout_cross, grunt_hell_entry_dis_grunt,
          rand_demon_pan_entry_3, nicolae_kikubaaqudgha_miasma_corner,
          minmay_shop_star, infiniplex_staircase_zigzag_4
Depths:3: evilmike_lava_path, layout_basic, enter_ziggurat_e, hell_entry,
          serial_shops, nicolae_shop_window_shopping,
          nicolae_shop_back_alley_shop, hangedman_abyss_entry_splay,
          okawaru_trees_2, minmay_staircase_bubble
Depths:4: grunt_x_marks_the_spot, layout_gridlike, roderic_serpentine_path,
          hell_entry, minmay_liquid_box, uniq_xtahua
Hell
Dis:1:    layout_subdivisions, serial_glass, glass_columns_a, glass_columns_b,
          nicolae_dis_distal_crystal
Dis:2:    layout_regular_city
Dis:3:    layout_jigsaw
Dis:4:    layout_gridville, nicolae_dis_bowling_alley
Dis:5:    layout_jigsaw
Dis:6:    layout_regular_city
Dis:7:    iron_city_of_dis [dis_grunt, dis_wall_6], layout_gridville,
          glass_columns_c
Geh:1:    nicolae_geh_symmetric_flows, layout_gehenna_pools_basic
Geh:2:    layout_gehenna_lava_caves
Geh:3:    nicolae_geh_i_lava_good_maze [nicolae_geh_lavamaze_orthhalf_recurse,
          nicolae_geh_lavamaze_orthhalf_recurse]
Geh:4:    layout_gehenna_pools_triple, tekkud_geh_sculpture_garden
Geh:5:    layout_gehenna_lava_caves
Geh:6:    layout_gehenna_pools_triple
Geh:7:    geh_mu
Coc:1:    layout_cocytus_water_paths
Coc:2:    layout_ice_bergs
Coc:3:    layout_ice_bergs
Coc:4:    layout_ice_bergs
Coc:5:    layout_cocytus_delve
Coc:6:    layout_cocytus_water_paths
Coc:7:    coc_mu
Tar:1:    layout_grid_maze, evilmike_ambush [evilmike_ambush_outer_basic,
          evilmike_ambush_inner_wall_1]
Tar:2:    layout_cathedral_of_symmetry, tekkud_tar_snaking_path
Tar:3:    layout_cathedral_of_symmetry
Tar:4:    layout_catacombs
Tar:5:    layout_grid_maze, door_vault
Tar:6:    nicolae_tar_checkpoint_tarlie, layout_cathedral_of_symmetry,
          nicolae_tar_windowcombs
Tar:7:    tar_old
Zot:1:    layout_basic, regret_index_zotdec_banners, uniq_vv
Zot:2:    layout_gridlike, uniq_tiamat
Zot:3:    layout_cellular_growth, basic_altar, hangedman_zot_decor_slant,
          st_stairs_4
Zot:4:    grunt_zot_stairs_faceoff, layout_basic
Zot:5:    layout_cathedral_of_symmetry, grunt_ministairs_14

Skill      XL: |  1  2  3  4  5  6  7  8  9 10 11 12 13 14 15 16 17 18 19 20 21 22 23 24 25 26 27 |
---------------+----------------------------------------------------------------------------------+-----
Shields        | 3 9 10 11 16 18 21 27 | 27.0
Fighting       | 3 6 7 8 10 12 15 16 20 27 | 27.0
Dodging        | 3 19 | 19.9
Unarmed Combat | 3 5 6 8 9 12 15 16 19 21 22 24 27 | 27.0
Evocations     | 5 |  5.0
Shapeshifting  | 3 10 13 16 17 19 21 23 | 23.8

Action                     |  1- 3 |  4- 6 |  7- 9 | 10-12 | 13-15 | 16-18 | 19-21 | 22-24 | 25-27 || total
---------------------------+-------+-------+-------+-------+-------+-------+-------+-------+-------++-------
  Melee: Unarmed           |    66 |   120 |   346 |   636 |  1306 |  1254 |  1050 |   908 |  4280 ||  9966
 Invoke: Serpent's Lash    |       |       |       |     3 |    15 |     8 |     6 |     8 |    25 ||    65
         Heavenly Storm    |       |       |       |       |     2 |     4 |     3 |     3 |    18 ||    30
Ability: Lunge             |       |       |     9 |    41 |    87 |    93 |    85 |    75 |   345 ||   735
         Whirlwind         |       |       |    16 |   172 |   408 |   442 |   438 |   277 |  1780 ||  3533
  Evoke: Wand              |       |       |       |    10 |    18 |     3 |       |       |     1 ||    32
    Use: Scroll            |       |       |     9 |     6 |    19 |    23 |     6 |     3 |    20 ||    86
         Potion            |       |       |       |     4 |    14 |     3 |     8 |     9 |    10 ||    48
   Stab: Fleeing           |       |       |       |       |     1 |       |       |       |       ||     1
         Distracted        |       |       |       |       |       |       |       |     1 |     2 ||     3
 Armour: Robe              |    14 |    49 |   198 |    76 |       |       |       |       |       ||   337
         Acid dragon scale |       |       |       |   318 |   571 |   271 |       |       |       ||  1160
         Troll leather arm |       |       |       |       |   203 |       |       |       |       ||   203
         Skin              |       |       |       |       |     5 |   691 |   669 |   661 |  1572 ||  3598
         Gold dragon scale |       |       |       |       |       |       |       |       |   581 ||   581
  Dodge: Dodged            |    16 |    48 |   139 |   152 |   385 |   352 |   204 |   168 |   939 ||  2403
  Block: Kite shield       |    31 |    44 |   143 |   241 |   735 |  1011 |   631 |   294 |       ||  3130
         Reflection        |       |       |       |       |    17 |    42 |    31 |    26 |       ||   116
         Tower shield      |       |       |       |       |    24 |       |     3 |   306 |  3016 ||  3349
   Form: Statue            |       |       |       |       |       |     1 |     1 |       |     2 ||     4
                           |       |       |       |       |       |       |     1 |       |     1 ||     2
         Death             |       |       |       |       |       |       |       |       |     5 ||     5

Table legend: (Time is in decaauts)
 A = Elapsed time spent in this place.
 B = Non-inter-level travel time spent in this place.
 C = Inter-level travel time spent in this place.
 D = Time resting spent in this place.
 E = Time spent auto-exploring this place.
 F = Levels seen in this place.
 G = Mean time per level.
                   A        B        C        D        E       F      G
               +--------+--------+--------+--------+--------+-----+--------+
         Total |  40905 |  35229 |   5676 |   1786 |     64 | 116 |  352.6 |
       Dungeon |   8546 |   6657 |   1889 |    200 |      0 |  15 |  569.7 |
        Temple |      1 |      1 |      0 |      0 |      0 |   1 |    1.0 |
          Lair |   3858 |   3033 |    825 |    324 |      0 |   5 |  771.6 |
        Shoals |   1500 |   1400 |    100 |    361 |      0 |   4 |  375.0 |
   Spider Nest |   2360 |   2197 |    163 |    181 |      0 |   4 |  590.0 |
    Slime Pits |    870 |    851 |     19 |    114 |      0 |   5 |  174.0 |
  Orcish Mines |   1005 |    755 |    250 |      0 |      0 |   2 |  502.5 |
   Elven Halls |   1722 |   1445 |    277 |     72 |      0 |   3 |  574.0 |
        Vaults |   3611 |   2824 |    787 |     54 |      0 |   5 |  722.2 |
         Crypt |    683 |    580 |    103 |      0 |      0 |   3 |  227.7 |
          Tomb |   1882 |   1570 |    312 |     37 |      0 |   3 |  627.3 |
        Depths |   2071 |   1702 |    369 |    186 |      0 |   4 |  517.8 |
          Hell |    471 |    454 |     17 |      0 |      0 |   1 |  471.0 |
           Dis |   1219 |   1131 |     88 |    193 |      0 |   7 |  174.1 |
       Gehenna |   1351 |   1090 |    261 |      0 |      0 |   7 |  193.0 |
       Cocytus |    780 |    742 |     38 |      0 |      0 |   7 |  111.4 |
      Tartarus |   1023 |    914 |    109 |      0 |      0 |   7 |  146.1 |
           Zot |   1032 |    968 |     64 |      0 |      0 |   5 |  206.4 |
         Abyss |    699 |    699 |      0 |      0 |      0 |   6 |  116.5 |
   Pandemonium |   4448 |   4448 |      0 |      0 |      0 |  15 |  296.5 |
        Bazaar |    213 |    213 |      0 |      0 |     27 |   2 |  106.5 |
         Sewer |    520 |    520 |      0 |      0 |      0 |   1 |  520.0 |
       Ossuary |    159 |    159 |      0 |      0 |      0 |   1 |  159.0 |
      Ice Cave |     56 |     56 |      0 |      0 |      0 |   1 |   56.0 |
    Desolation |    481 |    481 |      0 |      0 |     37 |   1 |  481.0 |
      Gauntlet |    331 |    331 |      0 |     63 |      0 |   1 |  331.0 |
               +--------+--------+--------+--------+--------+-----+--------+

Top non-repeatable levels by time:
   Elf:3: 1630 daAuts
Vaults:5: 1615 daAuts
  Lair:3: 1172 daAuts
    D:12: 938 daAuts
  Lair:5: 916 daAuts
Vaults:3: 900 daAuts
    D:15: 858 daAuts
  Lair:1: 852 daAuts
    D:10: 840 daAuts
    D:11: 839 daAuts
  Tomb:1: 831 daAuts
   Geh:7: 749 daAuts
 Slime:5: 716 daAuts
Spider:1: 689 daAuts
Spider:2: 685 daAuts
